 Dungeon Crawl Stone Soup version 0.24.0-123-gd5b16e6ec5 (webtiles) character file.

Game seed: 464625698362582467, levelgen mode: deterministic

10865 Voronwe the Fighter (level 11, -1/94 HPs)
             Began as a Vine Stalker Wanderer on Jan 28, 2020.
             Was a High Priest of Okawaru.
             Slain by a fire dragon (12 damage)
             ... on level 10 of the Dungeon.
             The game lasted 01:28:00 (6104 turns).

Voronwe the Fighter (Vine Stalker Wanderer)         Turns: 6104, Time: 01:28:00

Health: -1/94      AC:  7    Str: 24    XL:     11   Next: 68%
Magic:  0/17       EV: 17    Int: 11    God:    Okawaru [*****.]
Gold:   471        SH:  0    Dex: 17    Spells: 10/10 levels left

rFire    + . .     SeeInvis .   a - +6 dire flail (protect) {!d}
rCold    + + .     Gourm    .   (shield currently unavailable)
rNeg     . . .     Faith    +   D - +0 leather armour
rPois    +         Spirit   +   (no helmet)
rElec    +         Reflect  .   (no cloak)
rCorr    +         Harm     .   (no gloves)
MR       ++...                  j - +2 pair of boots of Space {rC+ rCorr Stlth+, !d}
Stlth    ..........             F - amulet of faith
HPRegen  0.65/turn              m - ring of protection from magic {!d}
MPRegen  0.15/turn              d - +3 ring of dexterity {!d}

@: berserking, resistant, heroism, very quick
A: fangs 3, regeneration 1, magic shield, antimagic bite, no potion heal 3, rot
immunity
a: Heroism, Finesse, Renounce Religion


You were on level 10 of the Dungeon.
You worshipped Okawaru.
Okawaru was extremely pleased with you.
You were not hungry.

You visited 3 branches of the dungeon, and saw 13 of its levels.
You also visited: Volcano.

You collected 471 gold pieces.

Inventory:

Hand Weapons
 a - a +6 dire flail of protection (weapon) {!d}
 b - a +0 hand crossbow
 e - a +0 morningstar
 p - a cursed +0 dire flail
Missiles
 c - 25 bolts
 k - 114 stones (quivered)
 B - 4 silver boomerangs
 G - 15 poisoned darts
 J - 9 boomerangs
 R - 3 throwing nets
Armour
 j - the +2 pair of boots of Space (worn) {rC+ rCorr Stlth+, !d}
   (You found it in a volcano)

   It protects you from cold.
   It provides partial protection from all sources of acid and corrosion.
   It makes you more stealthy.
 D - a +0 leather armour (worn)
 K - a +0 chain mail
 N - a +2 pair of boots {!d}
Jewellery
 d - a +3 ring of dexterity (right hand) {!d}
 f - an uncursed ring of protection from fire {!d}
 h - an uncursed ring of stealth {!d}
 m - a ring of protection from magic (left hand) {!d}
 w - an uncursed ring of wizardry {!d}
 F - an amulet of faith (around neck)
Wands
 t - a wand of flame (41)
 u - a wand of digging (6)
 T - a wand of polymorph (7)
 X - a wand of disintegration (30)
Scrolls
 i - a scroll of holy word {unknown}
 o - 3 scrolls of teleportation
 q - a scroll of enchant armour {unknown}
 v - a scroll of fog {unknown}
 x - a scroll of magic mapping {!r}
 y - 2 scrolls of fear {unknown}
 A - 4 scrolls of remove curse
 I - a scroll of vulnerability {unknown}
 P - 2 scrolls of immolation {unknown}
 Q - a scroll of noise {unknown}
Potions
 g - a potion of might
 l - 3 potions of curing
 n - a potion of lignification {!q}
 r - a potion of agility
 z - 2 potions of resistance
 C - a potion of flight
 H - a potion of berserk rage {!q}
 L - a potion of brilliance {unknown}
 M - 2 potions of ambrosia {!q}
 O - a potion of mutation {!q}
 V - a potion of invisibility {unknown}
 Y - a potion of haste {unknown}
Comestibles
 s - 19 rations
 S - 2 chunks of flesh


   Skills:
 + Level 10.1(15.1) Fighting
   Level 1.0(10.3) Axes
 - Level 8.5(14.0) Maces & Flails
   Level 4.0(11.7) Staves
 - Level 4.2(9.2) Armour
 + Level 2.4(7.4) Dodging
 - Level 6.0(11.0) Stealth
   Level 1.0(6.0) Shields
 - Level 1.3(6.3) Unarmed Combat
 + Level 7.9 Invocations
 - Level 2.2 Evocations


You had 10 spell levels left.
You didn't know any spells.
Your spell library contained the following spells:

 Spells                   Type           Power        Failure   Level  Hunger
 Animate Skeleton         Necr           N/A          36%         1    ##.....
 Apportation              Tloc           #.....       36%         1    ##.....
 Confusing Touch          Hex            #.....       36%         1    ##.....
 Sandblast                Erth           #.....       36%         1    ##.....
 Summon Small Mammal      Summ           #...         36%         1    ##.....
 Passwall                 Tmut/Erth      #.......     52%         2    ###....
 Poisonous Vapours        Pois/Air       #.....       52%         2    ###....
 Conjure Flame            Conj/Fire      #.......     75%         3    ####...
 Mephitic Cloud           Conj/Pois/Air  #.......     75%         3    ####...
 Stone Arrow              Conj/Erth      #.....       75%         3    ####...
 Petrify                  Tmut/Erth      #.......     98%         4    #####..
 Lee's Rapid Deconstruct  Erth           #.........   100%        5    ######.
 Freezing Cloud           Conj/Ice/Air   #.........   100%        6    #######
 Ring of Flames           Chrm/Fire      #.........   100%        7    #######


Dungeon Overview and Level Annotations

Branches:
Dungeon (10/15)            Temple (1/1) D:5            Lair (2/6) D:9
  Swamp (0/4) Lair:2        Snake (0/4) Lair:2      Volcano (visited)
    Orc: D:9-12

Altars:
Ashenzari
Cheibriados
Dithmenos
Elyvilon
Fedhas
Gozag
Hepliaklqana
Kikubaaqudgha
Makhleb
Nemelex Xobeh
Okawaru
Qazlal
Ru
Sif Muna
Trog
Uskayaw
Vehumet
Wu Jian
Xom
Yredelemnul
Zin
The Shining One

Shops:
D:9 *

Annotations:
D:4 grey level
D:7 pikel
Lair:1 amnes
Lair:2 MAPPED


Innate Abilities, Weirdness & Mutations

You have razor-sharp teeth.
Your natural rate of healing is unusually fast.
When hurt, damage is shared between your health and your magic reserves.
Your bite disrupts and absorbs the magic of your enemies.
Potions cannot restore your health.
You are immune to rotting.


Message History

Okay, then.
Unknown command.
Evoke which item? (* to show all) (? for menu, Esc to quit)
Aiming: Iceblast
Press: ? - help, Shift-Dir - straight line, f/p - fire dragon
Aim: a fire dragon (moderately wounded, catching its breath)
The mass of ice explodes!
The iceblast engulfs the fire dragon!
The fire dragon is frozen!
The fire dragon is heavily wounded.
The now-empty wand crumbles to dust.
An orc comes into view. It is wielding a +0 hand axe.
Really quaff
H - 2 potions of berserk rage {!q}?
A red film seems to cover your vision as you go berserk!
You feel yourself moving faster!
You feel mighty! The fire dragon breathes flames at you.
The blast of flame hits you!! You resist.
* * * LOW HITPOINT WARNING * * *
You feel a strong urge to attack something.
The fire dragon bites you!
You die...

... ..# ## .. ..#
.. #. ##.# .
###.### #..#.# $(
#.....####..#.#.O.$
#...........o...D.$
#.....###.#F#$#/.$
#.....###.#D#
#.........#@#
#.....#####.#
#........##.#####.
#(.....#.##.......
#.........)###
##......)).#
#.#.....).#
#.#.......##
#....≈≈.......


You could see a fire dragon, a bullfrog and an orc.

Vanquished Creatures
  Harold (D:8)
  A two-headed ogre (D:9)
  A salamander mystic (Volcano)
  Pikel (D:7)
  A salamander (Volcano)
  A troll (D:9)
  2 hippogriffs
  Sigmund (D:5)
  A wraith (D:9)
  10 yaks
  A human (D:8)
  2 hogs (D:8)
  A hungry ghost (D:10)
  Edmund (D:5)
  Duvessa (D:4)
  5 water moccasins
  3 porcupines (D:9)
  An orc warrior (D:8)
  2 slaves (D:7)
  4 ogres
  A necrophage (D:8)
  3 phantoms
  4 centaurs
  4 crocodiles
  A big kobold (D:9)
  10 bullfrogs
  Dowan (D:4)
  A gnoll sergeant (D:9)
  4 killer bees (D:9)
  A scorpion (D:6)
  13 wights
  2 howler monkeys (D:4)
  4 crimson imps
  A centaur zombie (D:7)
  6 hounds
  2 orc priests
  2 bullfrog skeletons
  4 iguanas
  2 centaur skeletons
  6 orc wizards
  10 worker ants
  A killer bee zombie (D:5)
  A hound skeleton (D:7)
  A worker ant zombie (D:7)
  5 gnolls (D:9)
  9 adders
  An ooze (D:3)
  An adder skeleton (D:9)
  2 worms
  3 dart slugs (D:2)
  4 leopard geckos
  19 orcs
  2 giant cockroaches
  A goblin (D:2)
  5 hobgoblins
  8 jackals
  8 kobolds
  4 quokkas
  3 ball pythons
  6 bats
  6 frilled lizards
  A quokka skeleton (D:4)
  6 rats
220 creatures vanquished.

Vanquished Creatures (others)
  A fungus (D:9)
1 creature vanquished.

Grand Total: 221 creatures vanquished

Notes
Turn   | Place    | Note
-------+----------+-------------------------------------------
     0 | D:1      | Voronwe the Vine Stalker Wanderer began the quest for the
                  | Orb.
     0 | D:1      | Voronwe set off with the following items: a +0 hand
                  | crossbow, a +0 shield, 22 bolts, a +0 hand axe, a +0 robe,
                  | a ration
     0 | D:1      | Reached XP level 1. HP: 10/10 MP: 2/2
     0 | D:1      | //beach...
   116 | D:1      | //+3 ring dex
   136 | D:1      | //skill 4 in armour...
   454 | D:1      | Reached XP level 2. HP: 15/15 MP: 3/3
   651 | D:2      | Reached skill level 2 in Fighting
   758 | D:2      | //next ring - don't
   809 | D:2      | Reached XP level 3. HP: 17/18 MP: 4/4
   810 | D:2      | //Str
   811 | D:2      | //q-staff - later?
   894 | D:2      | //[tower ecth]
   922 | D:2      | //buckler, ok!
  1040 | D:2      | //without shield - switch to q-staff vs easy foes
  1092 | D:2      | Gained mutation: Your natural rate of healing is unusually
                  | fast. [Vine Stalker growth]
  1092 | D:2      | Reached XP level 4. HP: 22/23 MP: 5/5
  1228 | D:3      | //emergency pot (psnd): ambros
  1381 | D:3      | //LA
  1500 | D:3      | //q-staff good now
  1636 | D:4      | //id ring - rF+
  1648 | D:4      | Reached skill level 3 in Fighting
  1648 | D:4      | Reached XP level 5. HP: 16/28 MP: 2/6
  1748 | D:3      | //[-> Steg.]
  1789 | D:4      | Reached skill level 4 in Fighting
  1814 | D:4      | //boots
  1875 | D:4      | Noticed Duvessa
  1934 | D:4      | Reached XP level 6. HP: 28/33 MP: 5/7
  1935 | D:4      | //Str
  1947 | D:4      | //there she is
  1947 | D:4      | Noticed Dowan
  1954 | D:4      | Killed Duvessa
  1954 | D:4      | Reached skill level 5 in Stealth
  1958 | D:4      | Killed Dowan
  1960 | D:4      | //might and ag vs both
  1989 | D:4      | Reached XP level 7. HP: 29/38 MP: 4/8
  2028 | D:4      | Reached skill level 5 in Fighting
  2045 | D:4      | //+3 q-staff prot, nice
  2045 | D:4      | //staves now ofc
  2137 | D:4      | Reached skill level 1 in Staves
  2304 | D:4      | //still no bolts found
  2379 | D:4      | //ring stl, ok
  2495 | D:5      | Entered Level 5 of the Dungeon
  2511 | D:5      | //+2 boots
  2523 | D:5      | //ring MR+
  2532 | D:5      | Found a staircase to the Ecumenical Temple.
  2541 | D:5      | //Cantrips close to temple
  2543 | Temple   | Entered the Ecumenical Temple
  2544 | Temple   | //no doubt about Oka now
  2563 | Temple   | Became a worshipper of Warmaster Okawaru
  2594 | Temple   | //all gods here but Zin
  2790 | D:5      | Gained mutation: You have razor-sharp teeth. [Vine Stalker
                  | growth]
  2790 | D:5      | Reached XP level 8. HP: 40/43 MP: 9/9
  2888 | D:5      | //["Magic"]
  2939 | D:5      | Noticed Edmund
  2940 | D:5      | //edmund: +2 dire flail prot
  2947 | D:5      | Noticed Sigmund
  3000 | D:5      | //wand acid
  3025 | D:5      | //... and poly
  3059 | D:5      | //ring wiz
  3267 | D:6      | Reached * piety under Okawaru
  3450 | D:5      | Reached skill level 1 in Invocations
  3518 | D:5      | Killed Edmund
  3545 | D:5      | Killed Sigmund
  3545 | D:5      | Reached skill level 5 in Maces & Flails
  3545 | D:5      | Reached XP level 9. HP: 48/48 MP: 9/12
  3546 | D:5      | //acid vs sigm
  3673 | D:6      | //[MW]
  3711 | D:6      | Found a sparkling altar of Nemelex Xobeh.
  3787 | D:7      | Reached skill level 1 in Unarmed Combat
  3790 | D:7      | //UC not intended...
  3797 | D:7      | Found a shattered altar of Ashenzari.
  3865 | D:7      | Reached ** piety under Okawaru
  3865 | D:7      | Reached skill level 1 in Evocations
  4008 | D:7      | Reached skill level 6 in Fighting
  4037 | D:7      | //Skirmisher
  4115 | D:7      | Noticed Pikel
  4120 | D:7      | Killed Pikel
  4208 | D:8      | Reached skill level 7 in Fighting
  4212 | D:8      | Reached *** piety under Okawaru
  4212 | D:8      | Reached XP level 10. HP: 41/55 MP: 13/13
  4244 | D:8      | //food corner
  4426 | D:8      | Noticed Harold
  4440 | D:8      | Killed Harold
  4595 | D:9      | Noticed a two-headed ogre
  4622 | D:9      | //dire flail already min delay with Oka
  4631 | D:9      | Reached skill level 8 in Fighting
  4632 | D:9      | Found a staircase to the Lair.
  4734 | D:9      | Found Zin's Purification Station.
  4739 | D:9      | Found a glowing silver altar of Zin.
  4810 | D:9      | Reached **** piety under Okawaru
  4812 | D:9      | Reached skill level 9 in Fighting
  5278 | D:8      | Reached skill level 10 in Fighting
  5278 | D:8      | Reached XP level 11. HP: 63/63 MP: 14/14
  5350 | Lair:1   | Entered Level 1 of the Lair of Beasts
  5360 | Lair:1   | //plate on D:8 - later?
  5431 | Lair:2   | //volcano - good time to read-id scrolls
  5454 | Lair:2   | Reached skill level 5 in Invocations
  5462 | Lair:2   | //yaks easy
  5482 | Lair:2   | //there was mag map - volcano nearby, snake, swamp
  5482 | Lair:2   | //good use of mag map!
  5489 | Lair:2   | Found a dark tunnel.
  5502 | Volcano  | Entered a volcano
  5518 | Volcano  | Noticed a salamander mystic
  5531 | Volcano  | Killed a salamander mystic
  5532 | Volcano  | Found a bloodstained altar of Trog.
  5533 | Volcano  | //salamander mystic: acid + hero + might...
  5534 | Volcano  | Noticed a red draconian
  5540 | Volcano  | Got a pair of dazzling boots
  5559 | Volcano  | Identified the +2 pair of boots of Space {rC+ rCorr Stlth+}
                  | (You found it in a volcano)
  5559 | Volcano  | //nice boots
  5559 | Volcano  | Noticed a salamander
  5561 | Volcano  | Noticed a salamander
  5562 | Volcano  | Noticed a salamander
  5572 | Volcano  | Noticed a salamander
  5574 | Volcano  | //too dangerous, blink
  5586 | Volcano  | Killed a salamander
  5586 | Volcano  | Reached ***** piety under Okawaru
  5590 | Volcano  | HP: 1/63 [red draconian] (7)]
  5592 | Lair:2   | //out with 1 HP...
  5593 | Lair:2   | //at least got the nice boots
  5593 | Lair:2   | //draco had +2 cloak...
  5676 | Lair:2   | //+6 dire flail prot
  5734 | D:9      | //TLA would be nice
  5741 | D:9      | //and there's a troll
  5755 | D:9      | //bolts
  5766 | D:9      | Reached skill level 1 in Dodging
  5858 | D:9      | //faith - interesting
  5870 | D:9      | //digging
  5903 | D:9      | Killed a two-headed ogre
  5989 | D:9      | //Geomancy
  6049 | D:10     | Entered Level 10 of the Dungeon
  6090 | D:10     | Noticed a fire dragon
  6104 | D:10     | Slain by a fire dragon

Levels and vault maps discovered:
D:1:      nicolae_arrival_washed_ashore, layout_basic, grunt_decor_one_mirror,
          st_stairs_14
D:2:      layout_basic, chequers_ecumenical_altar_twisty, serial_corexii_hall,
          chequers_hall_statues_corner_a, corexii_hall_statues_l,
          minmay_pentomino_r4
D:3:      layout_basic, first_ration
D:4:      layout_layer_cave, uniq_duvessa
D:5:      layout_loops_ring, minmay_temple_entry_offerings, serial_bayou_pond_d,
          sigmund_edmund_badplayer
D:6:      layout_rooms, nemelex_spade_bored_becter
D:7:      layout_cave_pools, basic_altar, uniq_pikel
D:8:      layout_cave_pods, serial_co_window_serial, co_window_corner_a,
          co_window_corner_a, co_window_paths_a, co_window_paths_b,
          co_window_paths_a, co_window_paths_a, co_window_paths_a,
          co_window_of_opportunity_a, co_window_paths_a, co_window_corner_b,
          co_window_broadway_c, co_window_corner_cb, co_window_paths_e,
          glass_columns_c, glass_columns_c, glass_columns_c, glass_columns_b,
          grunt_livestock, uniq_harold
D:9:      layout_cave_pools, zin_purify, minmay_lair_entry_grove
D:10:     minmay_the_grid_3x2 [minmay_the_grid_embedded, minmay_the_grid_spikes,
          minmay_the_grid_tree, minmay_the_grid_dragon_b,
          minmay_the_grid_square_x, minmay_the_grid_prize_big_room],
          layout_basic, uniq_snorg, uniq_fannar, uniq_erica
Temple:   grunt_wide_crystal_templ
Lair:1:   layout_loops_ring, gammafunk_lair_bear_cave, grunt_megastairs_5,
          minmay_lair_oklob_chamber
Lair:2:   layout_big_grid, skrybe_swamp_entry_bodies,
          minmay_snake_entry_six_corridors, nicolae_volcano_entry_hallway,
          serial_bayou_shore_a

Skill      XL: |  1  2  3  4  5  6  7  8  9 10 11 |
---------------+----------------------------------+-----
Fighting       | 2 3 4 5 7 10 | 10.1
Stealth        | 2 4 5 6 |  6.0
Staves         | 4 |  4.0
Maces & Flails | 5 7 8 |  8.5
Invocations    | 2 3 7 |  7.9
Unarmed Combat | 1 |  1.3
Evocations     | 2 |  2.2
Dodging        | 2 |  2.4
Axes           | |  1.0
Armour         | |  4.2
Shields        | |  1.0

Action                   |  1- 3 |  4- 6 |  7- 9 | 10-12 || total
-------------------------+-------+-------+-------+-------++-------
Melee: Quarterstaff      |     5 |    62 |   123 |       ||   190
       Bite              |     1 |    14 |    77 |    81 ||   173
       Dire flail        |       |       |   105 |   265 ||   370
 Fire: Hand crossbow     |    58 |    44 |    22 |    13 ||   137
Invok: Heroism           |       |       |    10 |    17 ||    27
       Finesse           |       |       |       |     1 ||     1
Evoke: Wand              |       |       |     7 |    20 ||    27
  Use: Scroll            |       |     5 |     4 |    11 ||    20
       Potion            |       |     4 |       |     5 ||     9
 Stab: Sleeping          |       |     5 |    12 |     7 ||    24
       Distracted        |       |       |     2 |       ||     2
  Eat: Chunk             |       |     2 |     5 |     7 ||    14
       Ration            |       |     1 |       |       ||     1
Armor: Robe              |     4 |     2 |       |       ||     6
       Leather armour    |       |     9 |    78 |    62 ||   149
Dodge: Dodged            |     8 |    39 |    95 |   136 ||   278
Block: Shield            |     9 |       |       |       ||     9
